 Dungeon Crawl Stone Soup version 0.30.1-9-gdf580d7c3d (webtiles) character file.

Game seed: 2477015388040055223

60 lonewolfV2 the Shield-Bearer (level 4, -10/37 HPs)
             Began as a Formicid Fighter on Oct 22, 2023.
             Mangled by an ogre
             ... wielding a +0 giant spiked club
              (36 damage)
             ... on level 3 of the Dungeon.
             The game lasted 00:03:04 (1477 turns).

lonewolfV2 the Shield-Bearer (Formicid Fighter)     Turns: 1477, Time: 00:03:05

Health: -10/37     AC:  7    Str: 23    XL:     4   Next: 24%
Magic:  4/4        EV: 14    Int:  7    God:
Gold:   82         SH:  6    Dex: 13    Spells: 3/3 levels left

rFire   . . .        a - +0 war axe
rCold   . . .        c - +1 buckler
rNeg    . . .        b - +0 scale mail
rPois   .            (helmet unavailable)
rElec   .            (no cloak)
rCorr   .            (no gloves)
SInv    +            (no boots)
Will    .....        (no amulet) Stlth
                     g - +5 ring of evasion
HPRegen 0.26/turn    (no ring)
MPRegen 0.09/turn

%: no passive effects
@: mighty
A: permanent stasis, dig shafts and tunnels, antennae 3, four strong arms
a: Dig, Shaft Self


You were on level 3 of the Dungeon.
You visited 1 branch of the dungeon, and saw 3 of its levels.

You collected 82 gold pieces.

Inventory:

Hand Weapons
 a - a +0 war axe (weapon)
Armour
 b - a +0 scale mail (worn)
 c - a +1 buckler (worn)
Jewellery
 g - a +5 ring of evasion (left hand)
Scrolls
 n - 2 scrolls of vulnerability
Potions
 d - a potion of might
 e - a potion of flight {unknown}
 f - a potion of ambrosia
 h - a potion of resistance {unknown}
 i - a potion of curing {unknown}
 j - 2 potions of haste


   Skills:
 + Level 3.8 Fighting
 + Level 2.6 Axes
 + Level 3.9 Armour
 + Level 4.7 Shields


You had 3 spell levels left.
You didn't know any spells.
Your spell library was empty.

Dungeon Overview and Level Annotations

Branches:
Dungeon (3/15)

Altars:
Cheibriados
Trog


Innate Abilities, Weirdness & Mutations

You cannot be hasted, slowed, berserked, paralysed or teleported.
You can dig through walls and to a lower floor.
You have a pair of large antennae on your head. (SInv)
Your four strong arms can wield two-handed weapons with a shield.


Message History

You hit the endoplasm.
You kill the endoplasm!
Found a stone staircase leading down.
Found a scroll of teleportation.
You see here a scroll of teleportation.
You sense a monster nearby.
A bat comes into view.
Found 8 gold pieces.
The bat moves out of view.
The bat closely misses you. The bat hits you. The bat barely misses you.
The bat completely misses you. The bat closely misses you.
A bat is nearby!
You barely miss the bat. The bat barely misses you. The bat misses you.
You block the bat's attack. The bat misses you.
You hit the bat but do no damage. The bat hits you.
You barely miss the bat. The bat barely misses you.
The bat hits you but does no damage.
You miss the bat. The bat closely misses you. The bat hits you.
You block the bat's attack.
You barely miss the bat. You block the bat's attack. The bat barely misses you.
You slash the bat!
You kill the bat!
You now have 82 gold pieces (gained 8).
Found a mace.
An ogre and an adder come into view.
The ogre shouts!
There are monsters nearby!
You feel very mighty all of a sudden. The adder barely misses you. x2
You closely miss the adder. The adder bites you but does no damage.
The ogre hits you with a +0 giant spiked club!
You closely miss the adder. You hit the ogre.
The adder bites you but does no damage. The adder misses you.
You barely miss the adder. You slash the ogre!
The adder bites you but does no damage.
The ogre hits you with a +0 giant spiked club!!!
Ouch! That really hurt!
You die...

##################
#..........#......
#@########.#.#####
.....).SO...............
#######.########.#.#####
..# #.#.# #.. #.#.# #..
#.#.# ..# #...# ###
#####


You could see an ogre and an adder.

Vanquished Creatures
  2 adders (D:3)
  2 worms (D:2)
  An orc (D:3)
  2 bats
  4 endoplasms
  A giant cockroach (D:2)
  4 goblins
  3 hobgoblins (D:1)
  4 kobolds
  A quokka (D:3)
  4 ball pythons
  2 frilled lizards (D:1)
  A rat (D:1)
31 creatures vanquished.

Notes
Turn   | Place    | Note
-------+----------+-------------------------------------------
     0 | D:1      | lonewolfV2 the Formicid Fighter began the quest for the
                  | Orb.
     0 | D:1      | Reached XP level 1. HP: 18/18 MP: 1/1
   101 | D:1      | Reached XP level 2. HP: 21/24 MP: 2/2
   572 | D:2      | Reached XP level 3. HP: 29/29 MP: 3/3
   676 | D:2      | Found a snail-covered altar of Cheibriados.
  1178 | D:3      | Identified the +0 robe of Spite {rElec rF- rN+++ Slay+2}
  1263 | D:3      | Found a bloodstained altar of Trog.
  1275 | D:3      | Reached XP level 4. HP: 37/37 MP: 4/4
  1471 | D:3      | Noticed an ogre
  1477 | D:3      | Mangled by an ogre

Illustrated notes

Levels and vault maps discovered:
D:1:      saegor_arrival_under_anarchy, layout_rooms
D:2:      layout_basic, basic_altar
D:3:      layout_basic, old_standard_altar

Action                     |  1- 3 |  4- 6 || total
---------------------------+-------+-------++-------
  Melee: War axe           |    95 |    20 ||   115
    Use: Scroll            |     8 |       ||     8
         Potion            |       |     1 ||     1
 Armour: Scale mail        |    33 |     5 ||    38
  Dodge: Dodged            |    63 |    25 ||    88
  Block: Buckler           |    28 |     4 ||    32
